[Event "GER-ch Youth U10 2020"]
[Site "Willingen"]
[Date "2020.10.28"]
[Round "3.29"]
[White "Gulamzada, Elmir"]
[Black "Kutz, Paul Matti"]
[Result "1-0"]
[ECO "C42"]
[WhiteElo "1397"]
[BlackElo "1242"]
[Annotator "NA"]
[PlyCount "133"]
[EventDate "2020.10.27"]
[EventType "swiss"]
[EventRounds "7"]
[EventCountry "GER"]
[SourceTitle "playchess.com"]
[Source "ChessBase"]
[SourceQuality "1"]
[TimeControl "40/4500+30:900+30"]

1. e4 e5 2. Nf3 Nf6 3. Nxe5 d6 4. Nf3 Nxe4 5. Nc3 Bf5 6. Qe2 Qe7 7. Nd5 Nxd2 8. Nxe7 Nxf3+ 9. Qxf3 Bxc2 10. Qxb7 Bxe7 11. Qxa8 O-O 12. Qf3 d5 13. b3 Re8 14. Be2 Bf6 15. Qxd5 Bc3+ 16. Kf1 Bxa1 17. Bc4 Bg6 18. Qb5 c6 19. Qb7 Bc3 20. g3 c5 21. h4 Re1+ 22. Kg2 Be4+ 23. Qxe4 Rxe4 24. Rd1 Rd4 25. Be2 Nc6 26. Bf3 Nb4 27. a3 Nd3 28. Be3 Ne1+ 29. Kf1 Nxf3 30. Bxd4 cxd4 31. Ke2 Ne5 32. f4 Ng4 33. Kf3 Ne3 34. Rd3 Nf5 35. Ke4 Nd6+ 36. Ke5 Nb5 37. a4 f6+ 38. Kd5 Nc7+ 39. Kc6 Na6 40. Kb7 Nb4 41. Rd1 a5 42. Kb6 d3 43. Kxa5 d2 44. Kb5 Nd5 45. Kc4 Kf7 46. Kxd5 Ke7 47. Kc4 Ba5 48. b4 Bc7 49. Rxd2 Bd6 50. Rxd6 Kxd6 51. Kb5 Kc7 52. a5 Kb7 53. a6+ Ka7 54. Kc6 Kxa6 55. b5+ Ka7 56. b6+ Kb8 57. b7 g6 58. g4 h5 59. gxh5 gxh5 60. f5 Ka7 61. Kc7 Ka6 62. b8=Q Ka5 63. Kc6 Ka4 64. Kc5 Ka3 65. Kc4 Ka2 66. Kc3 Ka1 67. Qb2# 1-0

[Event "GER-ch Youth U10 2020"]
[Site "Willingen"]
[Date "2020.10.29"]
[Round "4.1"]
[White "Buchinger, Alexis"]
[Black "Herrmann, Jakob"]
[Result "1-0"]
[ECO "B13"]
[WhiteElo "1496"]
[BlackElo "1504"]
[Annotator "NA RC"]
[PlyCount "65"]
[EventDate "2020.10.27"]
[EventType "swiss"]
[EventRounds "7"]
[EventCountry "GER"]
[SourceTitle "playchess.com"]
[Source "ChessBase"]
[SourceQuality "1"]
[TimeControl "40/4500+30:900+30"]

1. e4 c6 2. d4 d5 3. exd5 cxd5 4. Bd3 Nc6 5. c3 g6 6. Bf4 Bg7 7. h3 Nh6 8. Qd2 Nf5 9. Nf3 O-O 10. O-O f6 11. Re1 Re8 12. Bb5 Nd6 13. Bxc6 bxc6 14. Qe2 Nf7 15. Bg3 e5 16. Nbd2 Qb6 17. Nb3 Ba6 18. Qc2 exd4 19. cxd4 Bf8 20. Rac1 Bb5 21. Qc3 a5 22. Nc5 Rxe1+ 23. Qxe1 Bxc5 24. Rxc5 a4 25. Qe6 Qd8 26. Bh4 Kg7 27. Ne5 Nxe5 28. dxe5 g5 29. Bg3 Kg6 30. h4 h6 31. exf6 Qxf6 32. h5+ Kg7 33. Be5 1-0

[Event "GER-ch Youth U10 2020"]
[Site "Willingen"]
[Date "2020.10.29"]
[Round "4.2"]
[White "Besou, Hussain"]
[Black "Burkart, Lloyd Shang"]
[Result "1-0"]
[ECO "E15"]
[WhiteElo "1825"]
[BlackElo "1508"]
[Annotator "NA RC"]
[PlyCount "75"]
[EventDate "2020.10.27"]
[EventType "swiss"]
[EventRounds "7"]
[EventCountry "GER"]
[SourceTitle "playchess.com"]
[Source "ChessBase"]
[SourceQuality "1"]
[TimeControl "40/4500+30:900+30"]

1. d4 Nf6 2. c4 e6 3. Nf3 b6 4. g3 d5 5. Bg2 Be7 6. O-O O-O 7. Nc3 Bb7 8. Bf4 c6 9. Qc2 Na6 10. Rac1 Rc8 11. Rfd1 Nh5 12. Be3 Qc7 (12... dxc4 $11 13. a3 b5) 13. Ne5 Bd6 14. f4 Rfd8 15. Bf2 Nf6 16. e4 Qe7 17. Qe2 Nc7 18. g4 Nd7 19. Bg3 f6 20. Nxd7 Qxd7 21. e5 fxe5 22. fxe5 Be7 23. cxd5 cxd5 (23... exd5 $17 24. h3 Bg5) 24. Qe3 g5 $14 25. Bf1 Ba6 26. Bxa6 Nxa6 27. a3 Rf8 28. Rf1 h6 29. Qd3 Nb8 30. Qg6+ Kh8 31. Qxh6+ Kg8 32. Qg6+ Kh8 33. Kg2 Nc6 34. Rh1 Qd8 35. Qh6+ Kg8 36. Qxe6+ Kg7 37. Nxd5 Rf7 38. Rxc6 1-0

[Event "GER-ch Youth U10 2020"]
[Site "Willingen"]
[Date "2020.10.29"]
[Round "4.3"]
[White "Goldmann, David"]
[Black "Xue, Luka"]
[Result "1-0"]
[ECO "D45"]
[WhiteElo "1644"]
[BlackElo "1473"]
[Annotator "NA RC"]
[PlyCount "71"]
[EventDate "2020.10.27"]
[EventType "swiss"]
[EventRounds "7"]
[EventCountry "GER"]
[SourceTitle "playchess.com"]
[Source "ChessBase"]
[SourceQuality "1"]
[TimeControl "40/4500+30:900+30"]

1. Nf3 d5 2. d4 Nf6 3. c4 c6 4. e3 e6 5. Nc3 Nbd7 6. cxd5 exd5 7. Bd3 Bd6 8. O-O O-O 9. Qc2 Re8 10. Ne2 Qc7 11. Ng3 Nb6 12. b3 Bg4 13. Ne5 g6 14. f4 Rac8 15. h3 Bd7 16. Bb2 c5 17. Rac1 a6 18. Qe2 Re7 19. dxc5 Bxe5 20. cxb6 Qxc1 21. Bxc1 Bd4 22. exd4 Rxe2 23. Nxe2 Ne4 24. Be3 f5 25. Rc1 Kf7 26. Rc7 Rxc7 27. bxc7 Ke7 28. Bxe4 dxe4 29. Bd2 b6 30. Bb4+ Ke6 31. Nc3 Bc8 32. d5+ Kd7 33. d6 a5 34. Ba3 Ba6 35. Nd5 b5 36. Nb6+ 1-0

[Event "GER-ch Youth U10 2020"]
[Site "Willingen"]
[Date "2020.10.29"]
[Round "4.4"]
[White "Nönnig, Jakob"]
[Black "Neuhoff, Laertes"]
[Result "1/2-1/2"]
[ECO "C54"]
[WhiteElo "1442"]
[BlackElo "1655"]
[Annotator "NA RC"]
[PlyCount "93"]
[EventDate "2020.10.27"]
[EventType "swiss"]
[EventRounds "7"]
[EventCountry "GER"]
[SourceTitle "playchess.com"]
[Source "ChessBase"]
[SourceQuality "1"]
[TimeControl "40/4500+30:900+30"]

1. e4 e5 2. Nf3 Nc6 3. Bc4 Bc5 4. c3 Nf6 5. d4 exd4 6. cxd4 Bb4+ 7. Bd2 Bxd2+ 8. Nbxd2 d5 9. exd5 Nxd5 10. Qb3 Nce7 11. O-O O-O 12. Rfe1 c6 13. Rac1 Qb6 14. h3 h6 15. Ne4 Qxb3 16. Bxb3 Bf5 17. Nd6 Bc8 18. Ne5 f6 19. Nxc6 bxc6 20. Rxe7 Rd8 21. Bxd5+ cxd5 22. Rxc8 Raxc8 23. Nxc8 Rxc8 24. Rxa7 Rc1+ 25. Kh2 Rc4 26. a4 Rxd4 27. Ra8+ Kh7 28. a5 Rb4 29. a6 Rxb2 30. a7 Ra2 31. Rd8 Rxa7 32. Rxd5 Ra2 33. Rf5 Kg6 34. Rf3 f5 35. g3 Kf6 36. Kg2 Kg5 37. h4+ Kg6 38. Re3 Kf6 39. Kf3 g5 40. hxg5+ hxg5 41. Re2 Rxe2 42. Kxe2 Ke5 43. f3 f4 44. g4 Kd4 45. Kd2 Kc4 46. Kc2 Kd4 47. Kd2 1/2-1/2

[Event "GER-ch Youth U10 2020"]
[Site "Willingen"]
[Date "2020.10.29"]
[Round "4.5"]
[White "Dordevic, Tom"]
[Black "Bangert, Jonas"]
[Result "1-0"]
[ECO "A45"]
[WhiteElo "1535"]
[BlackElo "1549"]
[Annotator "NA RC"]
[PlyCount "47"]
[EventDate "2020.10.27"]
[EventType "swiss"]
[EventRounds "7"]
[EventCountry "GER"]
[SourceTitle "playchess.com"]
[Source "ChessBase"]
[SourceQuality "1"]
[TimeControl "40/4500+30:900+30"]

1. d4 Nf6 2. Bf4 d5 3. e3 Bf5 4. Bd3 Bg6 5. Nf3 e6 6. Ne5 Be4 7. f3 Bxd3 8. Qxd3 c6 9. Bg3 Nbd7 10. Nd2 Qb6 11. O-O c5 12. c3 Be7 13. Kh1 O-O 14. Bh4 Bd6 15. f4 Bxe5 16. fxe5 Ne8 17. Be7 f6 18. Bxf8 Nxf8 19. Nf3 Nd7 20. e4 cxd4 21. cxd4 fxe5 22. Nxe5 dxe4 23. Nxd7 exd3 24. Rf8# 1-0

[Event "GER-ch Youth U10 2020"]
[Site "Willingen"]
[Date "2020.10.29"]
[Round "4.6"]
[White "Lu, Yunong Elias"]
[Black "Zhang, Yibo"]
[Result "1-0"]
[ECO "C44"]
[WhiteElo "1521"]
[BlackElo "1299"]
[Annotator "NA RC"]
[PlyCount "75"]
[EventDate "2020.10.27"]
[EventType "swiss"]
[EventRounds "7"]
[EventCountry "GER"]
[SourceTitle "playchess.com"]
[Source "ChessBase"]
[SourceQuality "1"]
[TimeControl "40/4500+30:900+30"]

1. e4 e5 2. Nf3 Nc6 3. d4 exd4 4. Bc4 Bc5 5. c3 Nge7 6. cxd4 Bb4+ 7. Bd2 Bxd2+ 8. Nbxd2 d5 9. exd5 Nxd5 10. O-O O-O 11. Re1 Nb6 12. Re4 Nxc4 13. Nxc4 Qd5 14. Qe2 b6 15. Nce5 f5 16. Rh4 Re8 17. Qc2 Nxe5 18. dxe5 Qd7 19. Rd1 Qe7 20. Qc6 Rb8 21. Rc4 Ba6 22. Rc3 Rbd8 23. Re1 Qb4 24. Qxc7 Qxb2 25. Ng5 Qe2 26. Qf7+ Kh8 27. Re3 Qc2 28. Ne6 Rxe6 29. Qxe6 Qd1 30. Qe8+ Rxe8 31. Rxd1 Kg8 32. Rd7 Bc4 33. Rxa7 b5 34. f4 Re6 35. Re1 h6 36. Rd1 g5 37. Rd8+ Re8 38. Rxe8# 1-0

[Event "GER-ch Youth U10 2020"]
[Site "Willingen"]
[Date "2020.10.29"]
[Round "4.7"]
[White "Thümler, Floris"]
[Black "Malinowsky, Levi"]
[Result "1-0"]
[ECO "C18"]
[WhiteElo "1295"]
[BlackElo "1606"]
[Annotator "NA RC"]
[PlyCount "61"]
[EventDate "2020.10.27"]
[EventType "swiss"]
[EventRounds "7"]
[EventCountry "GER"]
[SourceTitle "playchess.com"]
[Source "ChessBase"]
[SourceQuality "1"]
[TimeControl "40/4500+30:900+30"]

1. e4 e6 2. d4 d5 3. Nc3 Bb4 4. e5 c5 5. a3 Bxc3+ 6. bxc3 Qc7 7. Bd3 Bd7 8. Qg4 Ne7 9. Ne2 c4 10. Qxg7 Rg8 11. Qxh7 cxd3 12. Qxd3 Nbc6 13. Rb1 O-O-O 14. h4 Rxg2 15. Ng3 Nf5 16. Kf1 Nxg3+ 17. fxg3 Rxc2 18. Qxc2 Nxd4 19. Qd3 Nc6 20. Bf4 d4 21. Kg1 Be8 22. cxd4 Rxd4 23. Qe3 Qa5 24. h5 f5 25. h6 Bg6 26. h7 Bxh7 27. Rxh7 Qd5 28. Qb3 Rd1+ 29. Qxd1 Nd4 30. Qc1+ Nc6 31. Rbxb7 1-0

[Event "GER-ch Youth U10 2020"]
[Site "Willingen"]
[Date "2020.10.29"]
[Round "4.8"]
[White "Rosenkranz, Lennard"]
[Black "Aniol, Nico"]
[Result "0-1"]
[ECO "B33"]
[WhiteElo "1467"]
[BlackElo "1417"]
[Annotator "NA RC"]
[PlyCount "68"]
[EventDate "2020.10.27"]
[EventType "swiss"]
[EventRounds "7"]
[EventCountry "GER"]
[SourceTitle "playchess.com"]
[Source "ChessBase"]
[SourceQuality "1"]
[TimeControl "40/4500+30:900+30"]

1. e4 c5 2. Nf3 Nc6 3. d4 cxd4 4. Nxd4 Nf6 5. Nc3 e5 6. Ndb5 d6 7. Bg5 a6 8. Na3 b5 9. Nd5 Be7 10. Bxf6 Bxf6 11. c3 Bg5 12. Be2 O-O 13. O-O f5 14. Bf3 Kh8 15. exf5 Bxf5 16. Ne3 Qc7 17. Nxf5 Rxf5 18. Qd5 Rxf3 19. Qxf3 Re8 20. Qh5 Qe7 21. Kh1 Rf8 22. Rae1 Nd8 23. Nc2 Ne6 24. Nb4 Nf4 25. Qd1 Qb7 26. f3 Be7 27. Rf2 a5 28. Nc2 Bh4 29. g3 Nh3 30. Rff1 Be7 31. Ne3 Ng5 32. Qd5 Qb6 33. Ng2 Nh3 34. f4 Qg1+ 0-1

[Event "GER-ch Youth U10 2020"]
[Site "Willingen"]
[Date "2020.10.29"]
[Round "4.9"]
[White "Kullmann, Theo"]
[Black "Zimmer, Tim"]
[Result "1-0"]
[ECO "C50"]
[WhiteElo "1632"]
[BlackElo "1025"]
[Annotator "NA RC"]
[PlyCount "49"]
[EventDate "2020.10.27"]
[EventType "swiss"]
[EventRounds "7"]
[EventCountry "GER"]
[SourceTitle "playchess.com"]
[Source "ChessBase"]
[SourceQuality "1"]
[TimeControl "40/4500+30:900+30"]

1. e4 e5 2. Nf3 Nc6 3. Bc4 Bc5 4. Nc3 Nf6 5. O-O d6 6. h3 O-O 7. d3 h6 8. Be3 Bb6 9. Qd2 Bxe3 10. fxe3 Na5 11. Bb3 Nxb3 12. axb3 Re8 13. Rae1 d5 14. exd5 Nxd5 15. Qf2 Re6 16. Qg3 Nxc3 17. bxc3 Rg6 18. Qh2 f6 19. Kh1 Qd5 20. e4 Qc5 21. c4 a5 22. g4 h5 23. g5 f5 24. exf5 Rb6 25. Rxe5 1-0

[Event "GER-ch Youth U10 2020"]
[Site "Willingen"]
[Date "2020.10.29"]
[Round "4.10"]
[White "Braun, Julian"]
[Black "Krstovic, Marko"]
[Result "1-0"]
[ECO "C42"]
[WhiteElo "1441"]
[BlackElo "1443"]
[Annotator "NA RC"]
[PlyCount "69"]
[EventDate "2020.10.27"]
[EventType "swiss"]
[EventRounds "7"]
[EventCountry "GER"]
[SourceTitle "playchess.com"]
[Source "ChessBase"]
[SourceQuality "1"]
[TimeControl "40/4500+30:900+30"]

1. e4 e5 2. Nf3 Nf6 3. Nxe5 d6 4. Nf3 Nxe4 5. d4 d5 6. Bd3 Nf6 7. O-O Be7 8. Re1 O-O 9. Bg5 Be6 10. Nbd2 Nc6 11. c3 h6 12. Bh4 Nd7 13. Bxe7 Nxe7 14. Ne5 Nxe5 15. Rxe5 Qd7 16. Nf3 Ng6 17. Re3 Bf5 18. Ne5 Nxe5 19. Bxf5 Qxf5 20. Rxe5 Qd7 21. Qf3 c6 22. Rae1 Rae8 23. Qe3 Rxe5 24. Qxe5 a6 25. Qe7 Qxe7 26. Rxe7 Rb8 27. Kf1 Kf8 28. Rc7 f6 29. f3 g6 30. Kf2 h5 31. h4 a5 32. Kf1 a4 33. a3 g5 34. Rh7 gxh4 35. Rh8+ 1-0

[Event "GER-ch Youth U10 2020"]
[Site "Willingen"]
[Date "2020.10.29"]
[Round "4.11"]
[White "Mandalka, Justus"]
[Black "Kullmann, Max"]
[Result "0-1"]
[ECO "B01"]
[WhiteElo "1437"]
[BlackElo "1375"]
[Annotator "NA RC"]
[PlyCount "106"]
[EventDate "2020.10.27"]
[EventType "swiss"]
[EventRounds "7"]
[EventCountry "GER"]
[SourceTitle "playchess.com"]
[Source "ChessBase"]
[SourceQuality "1"]
[TimeControl "40/4500+30:900+30"]

1. e4 d5 2. exd5 Qxd5 3. Nc3 Qa5 4. Bc4 Nc6 5. d3 Nf6 6. Bd2 e6 7. a3 Bd6 8. Nf3 Qh5 9. Qe2 Bd7 10. O-O-O O-O-O 11. h3 h6 12. g4 Qg6 13. Rdg1 Rhe8 14. h4 Nd5 15. h5 Nxc3 16. Bxc3 Bf4+ 17. Nd2 Qg5 18. Kb1 Bxd2 19. Bxd2 Qe5 20. Qf1 Nd4 21. f4 Qd6 22. c3 Nc6 23. d4 Na5 24. Bd3 Bc6 25. Rh2 Nb3 26. Bc2 Nxd2+ 27. Rxd2 Qd5 28. Qe1 e5 29. fxe5 Rxe5 30. Qf2 Ree8 31. Rf1 Bb5 32. Bd3 Bxd3+ 33. Rxd3 Qe4 34. Qf3 Qxf3 35. Rdxf3 f6 36. R1f2 Re1+ 37. Kc2 Rde8 38. Kd2 Kd7 39. c4 R1e4 40. Rf4 Kd6 41. Kc3 Re3+ 42. Kb4 R8e4 43. b3 b6 44. Rf1 a5+ 45. Ka4 c6 46. b4 axb4 47. axb4 Kc7 48. b5 cxb5+ 49. Kxb5 Rb3+ 50. Ka4 Ree3 51. c5 bxc5 52. dxc5 Kc6 53. Rc4 Ra3+ 0-1

[Event "GER-ch Youth U10 2020"]
[Site "Willingen"]
[Date "2020.10.29"]
[Round "4.12"]
[White "Marcziter, Alex"]
[Black "Pimenov, Danil"]
[Result "1-0"]
[ECO "B08"]
[WhiteElo "1401"]
[BlackElo "1235"]
[Annotator "NA RC"]
[PlyCount "54"]
[EventDate "2020.10.27"]
[EventType "swiss"]
[EventRounds "7"]
[EventCountry "GER"]
[SourceTitle "playchess.com"]
[Source "ChessBase"]
[SourceQuality "1"]
[TimeControl "40/4500+30:900+30"]

1. e4 d6 2. d4 Nf6 3. Nc3 g6 4. Nf3 Bg7 5. Bd3 O-O 6. h3 Nbd7 7. Be3 c6 8. Qd2 Qc7 9. O-O-O e5 10. Rdg1 exd4 11. Nxd4 Ne5 12. Be2 b5 13. f4 Ned7 14. Bf3 Nb6 15. b3 Bb7 16. f5 a6 17. fxg6 hxg6 18. g4 b4 19. Nce2 c5 20. Nf5 gxf5 21. gxf5 Nxe4 22. Bxe4 Bxe4 23. Bh6 Bxh1 24. Bxg7 f6 25. Bxf6+ Kh7 26. Qg5 Rxf6 27. Qxf6 Qd8 1-0

[Event "GER-ch Youth U10 2020"]
[Site "Willingen"]
[Date "2020.10.29"]
[Round "4.13"]
[White "Aweh, Mads"]
[Black "Radeke, Timothy"]
[Result "1-0"]
[ECO "B00"]
[WhiteElo "1328"]
[BlackElo "1143"]
[Annotator "NA RC"]
[PlyCount "105"]
[EventDate "2020.10.27"]
[EventType "swiss"]
[EventRounds "7"]
[EventCountry "GER"]
[SourceTitle "playchess.com"]
[Source "ChessBase"]
[SourceQuality "1"]
[TimeControl "40/4500+30:900+30"]

1. e4 d6 2. Nf3 Nf6 3. Nc3 Nbd7 4. d4 e5 5. Bc4 Be7 6. O-O c6 7. a3 a5 8. a4 Qc7 9. b3 h6 10. Bb2 g5 11. h3 Nf8 12. dxe5 dxe5 13. Ne2 Ng6 14. Qd3 g4 15. hxg4 Nxg4 16. Rad1 h5 17. Nh2 h4 18. Qf3 Nf6 19. g3 hxg3 20. Nxg3 Bh3 21. Rfe1 Nh4 22. Qc3 Bb4 23. Qxe5+ Qxe5 24. Bxe5 Bxe1 25. Bxf6 Rh6 26. Bxh4 Bxf2+ 27. Kxf2 Rxh4 28. Nf3 Bg4 29. Nxh4 Bxd1 30. Bd3 Rb8 31. Nhf5 b5 32. axb5 cxb5 33. Bxb5+ Kd8 34. Bd3 Kd7 35. Ne2 Rc8 36. Ne3 Bxe2 37. Bxe2 Ra8 38. Nc4 Ke6 39. Ke3 a4 40. bxa4 Rxa4 41. Kd4 f6 42. Bg4+ Ke7 43. c3 Kf7 44. Kd5 Ke7 45. Nb6 Ra3 46. Kd4 Rb3 47. Nd5+ Kf7 48. c4 Ra3 49. Kc5 Ra5+ 50. Kb6 Ra4 51. Kb5 Ra1 52. Bf5 Rc1 53. c5 1-0

[Event "GER-ch Youth U10 2020"]
[Site "Willingen"]
[Date "2020.10.29"]
[Round "4.14"]
[White "Mohammadzadeh, Daris"]
[Black "Schuricht, Emil Frederick"]
[Result "0-1"]
[ECO "B13"]
[WhiteElo "1311"]
[BlackElo "1451"]
[Annotator "NA RC"]
[PlyCount "134"]
[EventDate "2020.10.27"]
[EventType "swiss"]
[EventRounds "7"]
[EventCountry "GER"]
[SourceTitle "playchess.com"]
[Source "ChessBase"]
[SourceQuality "1"]
[TimeControl "40/4500+30:900+30"]

1. e4 c6 2. d4 d5 3. exd5 cxd5 4. c4 Nf6 5. Nc3 Nc6 6. Nf3 Bg4 7. cxd5 Nxd5 8. Be2 e6 9. Be3 Bb4 10. Rc1 O-O 11. O-O Nce7 12. Ne5 Bxe2 13. Qxe2 Rc8 14. Qd3 Ng6 15. Nxd5 Qxd5 16. Nxg6 hxg6 17. a3 Ba5 18. Rfd1 Bb6 19. f3 Rxc1 20. Rxc1 Rd8 21. Rd1 e5 22. Qe4 Qxe4 23. fxe4 Bxd4 24. Bxd4 exd4 25. Rd3 f6 26. b4 Kf7 27. Kf2 Ke6 28. Ke2 Ke5 29. Rg3 Kxe4 30. Rxg6 Rd7 31. Rg4+ Ke5 32. Kd3 f5 33. Rh4 g5 34. Rh5 g4 35. h3 g3 36. Rh4 b5 37. Rh8 Rc7 38. Re8+ Kf4 39. Re2 Rc4 40. Rd2 Ke5 41. Re2+ Kd5 42. h4 Rc3+ 43. Kd2 Rxa3 44. h5 Kc4 45. Re6 Ra2+ 46. Ke1 Rxg2 47. h6 Rh2 48. Kf1 d3 49. h7 Rxh7 50. Kg2 Rd7 51. Re1 d2 52. Rd1 Kc3 53. Kxg3 Kc2 54. Rf1 d1=Q 55. Rxd1 Rxd1 56. Kf4 Rf1+ 57. Ke3 f4+ 58. Ke2 Rh1 59. Kf3 Kb3 60. Kg2 Rc1 61. Kf3 Kxb4 62. Kxf4 a5 63. Ke3 a4 64. Kd2 Rc3 65. Ke2 a3 66. Kd1 a2 67. Kd2 a1=Q 0-1

[Event "GER-ch Youth U10 2020"]
[Site "Willingen"]
[Date "2020.10.29"]
[Round "4.15"]
[White "Stichter, Constantin"]
[Black "Klasen, Ennio Rodriguez"]
[Result "1-0"]
[ECO "B06"]
[WhiteElo "1476"]
[BlackElo "1297"]
[Annotator "NA RC"]
[PlyCount "115"]
[EventDate "2020.10.27"]
[EventType "swiss"]
[EventRounds "7"]
[EventCountry "GER"]
[SourceTitle "playchess.com"]
[Source "ChessBase"]
[SourceQuality "1"]
[TimeControl "40/4500+30:900+30"]

1. e4 g6 2. d4 Bg7 3. c3 c5 4. Be3 e6 5. g3 Ne7 6. Bg2 O-O 7. e5 f6 8. f4 fxe5 9. dxe5 Nf5 10. Bxc5 Rf7 11. Nf3 b6 12. Ng5 d5 13. exd6 Rb7 14. Bf2 Qd7 15. O-O h6 16. Nxe6 Qxd6 17. Qxd6 Nxd6 18. Bxb7 Bxb7 19. Nxg7 Kxg7 20. Bd4+ Kh7 21. Nd2 Nc6 22. Be5 Nxe5 23. fxe5 Ne4 24. Nxe4 Bxe4 25. Rae1 Bd5 26. b3 Re8 27. c4 Be6 28. Kg2 Kg7 29. Rd1 Bc8 30. Rfe1 Kf7 31. Kf3 Bb7+ 32. Kf4 Bc8 33. Rd6 Be6 34. Rf1 Kg8 35. Ke4 Bf5+ 36. Kd4 h5 37. h4 Kg7 38. b4 Kf7 39. Rf3 Ke7 40. Ra3 Ra8 41. c5 bxc5+ 42. bxc5 a5 43. Rb3 Ra7 44. a3 a4 45. Rb8 Rc7 46. Rh8 Rd7 47. Rh7+ Kd8 48. Rhxd7+ Bxd7 49. e6 g5 50. hxg5 h4 51. gxh4 Ke8 52. Rxd7 Kf8 53. Ra7 Ke8 54. c6 Kd8 55. c7+ Kc8 56. e7 Kd7 57. e8=Q+ Kd6 58. c8=N# 1-0

[Event "GER-ch Youth U10 2020"]
[Site "Willingen"]
[Date "2020.10.29"]
[Round "4.16"]
[White "Barthel, Jacob"]
[Black "Huang, Luca Hanson"]
[Result "1/2-1/2"]
[ECO "A46"]
[WhiteElo "1231"]
[BlackElo "1570"]
[Annotator "NA RC"]
[PlyCount "61"]
[EventDate "2020.10.27"]
[EventType "swiss"]
[EventRounds "7"]
[EventCountry "GER"]
[SourceTitle "playchess.com"]
[Source "ChessBase"]
[SourceQuality "1"]
[TimeControl "40/4500+30:900+30"]

1. d4 Nf6 2. Nf3 e6 3. Bf4 d5 4. Nc3 Bd6 5. Bg3 O-O 6. e3 c5 7. Bd3 Qc7 8. Nb5 Qa5+ 9. b4 Qxb4+ 10. c3 Qa5 11. Bxd6 Rd8 12. Bc7 Qa6 13. Bxd8 c4 14. Nc7 Qd6 15. Nxa8 Qxd8 16. Bc2 b5 17. Rb1 a6 18. h3 Bb7 19. g4 Bxa8 20. g5 Ne4 21. h4 Nxc3 22. Qd2 Nxb1 23. Bxb1 Qc7 24. h5 c3 25. Qc2 g6 26. hxg6 hxg6 27. Ne5 b4 28. Nxg6 fxg6 29. Qxg6+ Qg7 30. Qe8+ Qf8 31. Rh8+ 1/2-1/2

[Event "GER-ch Youth U10 2020"]
[Site "Willingen"]
[Date "2020.10.29"]
[Round "4.17"]
[White "Middendorf, Sven-Jonas"]
[Black "Gulamzada, Elmir"]
[Result "1-0"]
[ECO "C97"]
[WhiteElo "1355"]
[BlackElo "1397"]
[Annotator "NA RC"]
[PlyCount "91"]
[EventDate "2020.10.27"]
[EventType "swiss"]
[EventRounds "7"]
[EventCountry "GER"]
[SourceTitle "playchess.com"]
[Source "ChessBase"]
[SourceQuality "1"]
[TimeControl "40/4500+30:900+30"]

1. e4 e5 2. Nf3 Nc6 3. Bb5 a6 4. Ba4 Nf6 5. O-O Be7 6. Re1 b5 7. Bb3 d6 8. h3 O-O 9. c3 Na5 10. Bc2 c5 11. d4 Qc7 12. d5 Bd7 13. Nbd2 c4 14. Nf1 Nb7 15. Ng3 Nc5 16. Bd2 Rab8 17. b4 cxb3 18. axb3 a5 19. c4 b4 20. Bg5 h6 21. Bd2 Ra8 22. Nh2 Qa7 23. Bxb4 Qb6 24. Bd2 Nh7 25. Qb1 Bh4 26. Nh1 a4 27. bxa4 Qxb1 28. Rexb1 Bxa4 29. Bxa4 Rxa4 30. Rxa4 Nxa4 31. Nf3 Bf6 32. Rc1 Nc5 33. Be3 Nxe4 34. Nd2 Nxd2 35. Bxd2 Bg5 36. Bxg5 Nxg5 37. Ng3 Kh7 38. h4 f5 39. hxg5 hxg5 40. c5 dxc5 41. Rxc5 Kg6 42. Rc6+ Rf6 43. Rxf6+ Kxf6 44. d6 f4 45. Ne4+ Ke6 46. f3 1-0

[Event "GER-ch Youth U10 2020"]
[Site "Willingen"]
[Date "2020.10.29"]
[Round "4.19"]
[White "Uyar, Levin"]
[Black "Laux, Filip"]
[Result "0-1"]
[ECO "B19"]
[WhiteElo "1471"]
[BlackElo "1198"]
[Annotator "NA RC"]
[PlyCount "116"]
[EventDate "2020.10.27"]
[EventType "swiss"]
[EventRounds "7"]
[EventCountry "GER"]
[SourceTitle "playchess.com"]
[Source "ChessBase"]
[SourceQuality "1"]
[TimeControl "40/4500+30:900+30"]

1. e4 c6 2. d4 d5 3. Nc3 dxe4 4. Nxe4 Bf5 5. Ng3 Bg6 6. Nf3 Nd7 7. h4 h6 8. Bd3 Bxd3 9. Qxd3 e6 10. Bd2 Ngf6 11. O-O-O Be7 12. Rdg1 Qb6 13. Kb1 c5 14. Bc3 Rc8 15. Re1 Nd5 16. dxc5 Nxc5 17. Qc4 O-O 18. Qd4 Bf6 19. Ne5 Na4 20. Qxb6 Naxc3+ 21. bxc3 Nxb6 22. Nh5 Bxe5 23. Rxe5 Nd5 24. g4 g6 25. Ng3 Rxc3 26. Rf1 Rf3 27. Kb2 Rc8 28. Re2 Rc4 29. Ne4 Rf4 30. f3 Nf6 31. Nxf6+ Rxf6 32. Rg2 Rff4 33. a3 Rc5 34. Rgf2 Kf8 35. Rh2 Ke7 36. Rh3 Kd6 37. Kb3 Rd5 38. Kc3 Kc5 39. Re1 a5 40. Re4 Rxe4 41. fxe4 Rd7 42. Rf3 b6 43. Rd3 Rxd3+ 44. Kxd3 f5 45. exf5 exf5 46. h5 gxh5 47. gxf5 Kd5 48. c4+ Ke5 49. Kc3 h4 50. f6 Kxf6 51. Kd4 h3 52. Kd5 h2 53. Kc6 h1=Q+ 54. Kxb6 Qa1 55. c5 Qxa3 56. c6 Qc3 57. c7 Qxc7+ 58. Kxc7 a4 0-1

[Event "GER-ch Youth U10 2020"]
[Site "Willingen"]
[Date "2020.10.29"]
[Round "4.20"]
[White "Wolff, Calvin"]
[Black "Herrmann, Arthur"]
[Result "0-1"]
[ECO "B52"]
[WhiteElo "1219"]
[BlackElo "1151"]
[Annotator "NA RC"]
[PlyCount "120"]
[EventDate "2020.10.27"]
[EventType "swiss"]
[EventRounds "7"]
[EventCountry "GER"]
[SourceTitle "playchess.com"]
[Source "ChessBase"]
[SourceQuality "1"]
[TimeControl "40/4500+30:900+30"]

1. e4 c5 2. Nf3 d6 3. Bb5+ Bd7 4. Bxd7+ Qxd7 5. Nc3 Nc6 6. d4 cxd4 7. Nxd4 Nf6 8. Bg5 h6 9. Bh4 e6 10. f4 Be7 11. Bg3 Nxd4 12. Qxd4 h5 13. h3 Qc6 14. e5 dxe5 15. fxe5 Bc5 16. Qa4 Qxa4 17. Nxa4 Ne4 18. Nxc5 Nxg3 19. Rg1 b6 20. Nb7 Ke7 21. Kf2 Nf5 22. Rad1 Rab8 23. Nd6 Rhd8 24. Nxf5+ exf5 25. Ke3 Ke6 26. Kf4 Rbc8 27. Rxd8 Rxd8 28. Rc1 Rd4+ 29. Kf3 Kxe5 30. Re1+ Re4 31. Rd1 Ke6 32. Rd8 Ra4 33. a3 g6 34. Rd1 g5 35. Rd8 h4 36. g3 g4+ 37. hxg4 fxg4+ 38. Kg2 h3+ 39. Kh2 Rc4 40. c3 Re4 41. Rd2 f6 42. Rf2 Ke5 43. Rd2 a6 44. Kg1 Re1+ 45. Kh2 Re3 46. Rf2 b5 47. Rd2 Rf3 48. Re2+ Kf5 49. Rd2 a5 50. Rd5+ Ke4 51. Rxb5 Rf2+ 52. Kh1 Kf3 53. c4 Kxg3 54. Rb3+ Rf3 55. Rc3 Rxc3 56. bxc3 Kf2 57. c5 g3 58. c6 g2+ 59. Kh2 g1=Q+ 60. Kxh3 Qg3# 0-1